 Dungeon Crawl Stone Soup version 0.18.1-8-gdd0e5ea (webtiles) character file.

125568 jacquesderrida the Impaler (level 16, 0/130 HPs)
             Began as a Demonspawn Skald on May 21, 2016.
             Was an Elder of Ashenzari.
             Killed from afar by Nikola (35 damage)
             ... with a chain lightning
             ... on level 3 of the Elven Halls.
             The game lasted 01:23:07 (11975 turns).

jacquesderrida the Impaler (Demonspawn Skald)      Turns: 11975, Time: 01:23:07

Health: 0/130      AC: 27    Str: 15    XL:     16   Next: 41%
Magic:  19/19      EV: 28    Int: 14    God:    Ashenzari [****..]
Gold:   575        SH:  0    Dex: 25    Spells: 5 memorised, 9 levels left

rFire  + + .     SeeInvis +     t - +4 bardiche (freeze) (curse)
rCold  + . .     Gourm    .     W - +4 ring mail {rF+} (curse)
rNeg   + . .     Faith    .     (shield currently unavailable)
rPois  +         Spirit   .     I - +2 hat {MR+} (curse)
rElec  .         Dismiss  .     J - +2 cloak {rPois} (curse)
rCorr  .         Reflect  .     X - +0 pair of gloves {rC+}
SustAt .         Harm     .     x - +0 pair of boots
MR     +++..     Clarity  +     g - amulet of regeneration
Stlth  ++........               q - ring of protection from magic
                                U - +5 ring of dexterity (curse)

@: agile, regenerating (expiring), extremely resistant to hostile enchantments,
unstealthy
A: talons 2, rough black scales 2, fire resistance 1, ignite blood, negative
energy resistance 1, powered by pain 3, flame cloud immunity
a: Curse Item, Scrying, Renounce Religion


You were on level 3 of the Elven Halls.
You worshipped Ashenzari.
Ashenzari was greatly pleased with you.
You were not hungry.

You visited 5 branches of the dungeon, and saw 27 of its levels.
You also visited: Ice Cave and Volcano.

You collected 2301 gold pieces.
You spent 1726 gold pieces at shops.

Inventory:

Hand Weapons
 t - a cursed +4 bardiche of freezing (weapon)
 F - a +5 demon trident of freezing
Missiles
 b - a throwing net (quivered)
Armour
 j - a +1 hat of cold resistance
 w - a +1 pair of gloves
 x - a +0 pair of boots (worn)
 I - a cursed +2 hat of magic resistance (worn)
 J - a cursed +2 cloak of poison resistance (worn)
 R - a +0 fire dragon armour
 W - a cursed +4 ring mail of fire resistance (worn)
 X - a +0 pair of gloves of cold resistance (worn)
Jewellery
 g - an amulet of regeneration (around neck)
 q - a ring of protection from magic (right hand)
 u - an uncursed ring of protection from cold
 v - an uncursed ring of resist corrosion
 M - the amulet of Tytoguuf {Reflect MR+ Int+4 Dex+2 SH+2}
   (You found it on level 6 of the Lair of Beasts)

   [amulet of reflection]

   It shields you and reflects attacks.
   It affects your intelligence (+4).
   It affects your dexterity (+2).
   It affects your resistance to hostile enchantments.
   It affects your SH (+2).
 U - a cursed +5 ring of dexterity (left hand)
Wands
 o - a wand of digging (9/24)
 s - a wand of disintegration (20/24)
 y - a wand of teleportation (0/9)
 D - a wand of disintegration (5/24)
 L - a wand of hasting (3/9)
 T - a wand of acid (8/15)
Scrolls
 e - 5 scrolls of magic mapping
 f - a scroll of fear
 k - 4 scrolls of blinking
 n - 2 scrolls of remove curse
 p - 3 scrolls of recharging
 H - a scroll of identify
 K - 3 scrolls of enchant armour
 P - 2 scrolls of silence
 V - 2 scrolls of fog
 Y - a scroll of amnesia
 Z - 2 scrolls of teleportation
Potions
 a - 2 potions of flight
 h - 2 potions of agility
 i - a potion of resistance
 r - 2 potions of cancellation
 z - 10 potions of curing
 A - 6 potions of heal wounds
 C - 3 potions of invisibility
 E - a potion of might
 N - 2 potions of cure mutation
 S - a potion of berserk rage
Books
 c - a book of Battle

   Spells                             Type                      Level
   a - Infusion                       Charms                       1
   b - Shroud of Golubria             Charms/Translocation         2
   c - Song of Slaying                Charms                       2
   d - Spectral Weapon                Hexes/Charms                 3
   e - Regeneration                   Charms/Necromancy            3
Miscellaneous
 G - a phial of floods
Comestibles
 d - 12 bread rations
 l - 7 meat rations
 Q - 9 beef jerkies


   Skills:
 + Level 13.1 Fighting
 + Level 16.0(19.9) Polearms
 * Level 11.1(13.2) Armour
 + Level 10.7(12.7) Dodging
 - Level 2.1 Spellcasting
 - Level 3.0 Hexes
 - Level 7.2 Charms


You had 9 spell levels left.
You knew the following spells:

 Your Spells              Type           Power        Failure   Level  Hunger
a - Infusion              Chrm           ###.         1%          1    #......
b - Spectral Weapon       Hex/Chrm       ###.....     14%         3    ###....
c - Cure Poison           Pois           #.........   61%         2    ###....
d - Apportation           Tloc           #.........   38%         1    #......
r - Regeneration          Chrm/Necr      ##........   28%         3    ###....


Dungeon Overview and Level Annotations

Branches:
Dungeon (13/15)            Temple (1/1) D:5            Lair (8/8) D:9
 Spider (0/4) Lair:6        Slime (0/6) Lair:8          Orc (2/2) D:12
    Elf (3/3) Orc:2
  Swamp: Lair:3-6    Shoals: Lair:3-6    Vaults: D:13-14

Altars:
Ashenzari
Elyvilon
Fedhas
Kikubaaqudgha
Nemelex Xobeh
Okawaru
Pakellas
Qazlal
Trog
Vehumet
Xom
Yredelemnul
The Shining One
Beogh
Jiyva

Shops:
D:9 :   Orc:2 !!}(![![%

Annotations:
D:9 Grum
Lair:3 Raurakos's ghost, journeyman DEWz
Elf:3 Nikola


Innate Abilities, Weirdness & Mutations

You have razor-sharp toenails.
You are mostly covered in rough black scales (AC +7, Dex -2).
Your flesh is heat resistant.
Your demonic aura causes spilled blood to erupt in flames.
You resist negative energy.
You are powered by pain.
You are immune to clouds of flame.


Message History

Casting: Spectral Weapon
Confirm with . or Enter, or press ? or * to list all spells.
Your skin crawls.
Your skin is crawling a little less now.
Found 13 gold pieces.
You open the door.
Nikola the Mad Inventor comes into view.
He is wielding a rapier of electrocution.
Nikola shouts!
Nikola casts a spell.
Nikola blinks!
There is an open door here.
Nikola gestures wildly while chanting.
You hear a mighty clap of thunder!
The lightning arc hits you!
You focus on the pain.
You feel agile all of a sudden.
The lightning arc hits Nikola.
The lightning arc hits you!
* * * LOW HITPOINT WARNING * * *
You focus on the pain.
You feel your power returning.
The lightning arc hits Nikola.
The lightning arc hits you!
You die...

..+ , #######.♣♣ , , + ,
### * * #.....#..♣♣ * ,**
, ##.....##..♣ , , ,, *,
#.......#... ,,. * , *
#..)....# ,.#*, #
#.......###+### , ** ##
*, ##...(.##.....## * *
.###+####+..).#'...8...#*
** *
#.#.....+###)##.@.......*
** ##'.....##
#(#.@$......., **
#.......# #)#..........
*, #.......#
#.#.8.......8 * +
#....^..# #.#..........,*
##.....## #(#......$...,
#....§)###(##.........
#######.##(###...8...#
##.#'####... *


You could see Nikola.

Vanquished Creatures
  Gastronok (Lair:3)
  An orc warlord (Orc:2)
  Maud (Orc:2)
  A stone giant (Orc:2)
  Nessos (Lair:6)
  A deep elf demonologist (Elf:1)
  Snorg (D:12)
  2 blizzard demons (IceCv)
  7 hydras
  A catoblepas (Lair:8)
  Erica (Lair:1)
  11 dancing weapons
  4 ogre magi (Orc:2)
  2 death yaks (Lair:8)
  2 tengu warriors (D:12)
  The ghost of Medar the Carver, a novice DsCK of Xom (Lair:1)
  Nergalle (Orc:2)
  9 deep elf knights
  4 deep elf archers
  A swamp dragon (Lair:6)
  Pikel (D:6)
  2 hill giants
  A necromancer (Lair:3)
  An ugly thing (D:13)
  A wolf spider (Lair:6)
  2 cyclopes
  18 deep elf magi
  8 orc sorcerers (Orc:2)
  A manticore (D:13)
  A griffon (Lair:7)
  8 elephants
  4 black mambas
  3 toenail golems (Volcano)
  An eye of devastation (shapeshifter) (Elf:3)
  2 ice statues (IceCv)
  2 torpor snails (Lair:8)
  7 spiny frogs
  A gargoyle (D:13)
  6 komodo dragons
  14 ice devils (IceCv)
  4 trolls
  A queen bee (D:12)
  2 spriggan druids (Lair:8)
  9 polar bears (Lair:8)
  2 two-headed ogres
  15 blink frogs
  A boulder beetle (Lair:7)
  2 wyverns
  A water elemental (D:12)
  8 spriggans (Lair:8)
  23 yaks
  6 redbacks (Lair:8)
  A vampire (D:13)
  6 humans (Volcano)
  8 hippogriffs
  A fire elemental (Elf:1)
  5 basilisks
  2 hungry ghosts
  A mottled dragon (D:12)
  A steam dragon (Lair:3)
  A swamp worm (Lair:6)
  9 water moccasins
  4 porcupines
  2 slaves (D:6)
  6 orc warriors
  14 ice beasts
  3 sky beasts
  6 black bears
  An elephant zombie (Lair:3)
  A wasp (Lair:8)
  6 necrophages
  11 ogres
  23 wolves
  11 crocodiles
  5 centaurs
  A big kobold (D:9)
  8 giant frogs
  2 earth elementals (Elf:2)
  A wyvern skeleton (D:13)
  2 scorpions
  17 killer bees (D:12)
  8 wights
  7 electric eels
  A howler monkey (D:12)
  3 crimson imps
  3 centaur zombies
  2 giant frog zombies
  13 orc priests
  3 centaur skeletons
  4 hounds
  2 jellies
  A basilisk zombie (Lair:3)
  34 orc wizards
  Crazy Yiuf (D:6)
  A giant frog skeleton (D:12)
  8 iguanas
  6 worker ants
  13 sheep
  A crocodile zombie (Lair:3)
  A hound zombie (D:11)
  A worker ant zombie (D:8)
  7 adders
  A river rat (D:13)
  3 shadow imps
  17 white imps
  8 ufetubi (IceCv)
  An adder zombie (D:5)
  An adder skeleton (D:4)
  2 giant geckos (D:5)
  63 orcs
  4 bats
  2 giant cockroaches
  A goblin (D:1)
  2 hobgoblins
  5 jackals
  3 quokkas
  A ball python (D:3)
  2 giant newts
  A jackal skeleton (D:8)
  4 kobolds
  3 rats
  A bush (D:11)
  4 fungi
  4 plants
  31 spectral weapons
654 creatures vanquished.

Vanquished Creatures (others)
  An adder (D:6)
  2 white imps (IceCv)
  2 ufetubi (IceCv)
  An orc (D:6)
  3 fungi (Lair:7)
  2 plants (D:11)
  29 spectral weapons
40 creatures vanquished.

Grand Total: 694 creatures vanquished

Notes
Turn   | Place    | Note
--------------------------------------------------------------
     0 | D:1      | jacquesderrida the Demonspawn Skald began the quest for the Orb.
     0 | D:1      | Reached XP level 1. HP: 16/16 MP: 3/3
    71 | D:1      | Reached skill level 1 in Armour
   136 | D:1      | Gained mutation: You are partially covered in rough black scales (AC +4, Dex -1). [demonic ancestry]
   136 | D:1      | Reached XP level 2. HP: 20/22 MP: 5/5
   227 | D:3      | Found an iron altar of Okawaru.
   294 | D:3      | Reached skill level 2 in Polearms
   431 | D:4      | Noticed a scorpion
   617 | D:4      | Reached XP level 3. HP: 10/27 MP: 0/6
   634 | D:4      | Learned a level 3 spell: Spectral Weapon
   837 | D:5      | Entered Level 5 of the Dungeon
   856 | D:4      | Reached skill level 3 in Polearms
   856 | D:4      | Reached XP level 4. HP: 11/33 MP: 3/7
   906 | D:4      | Reached skill level 1 in Hexes
   986 | D:5      | Reached skill level 4 in Polearms
   986 | D:5      | Reached XP level 5. HP: 24/38 MP: 4/8
  1108 | D:5      | Gained mutation: Your flesh is heat resistant. [demonic ancestry]
  1108 | D:5      | Reached XP level 6. HP: 44/44 MP: 7/9
  1161 | D:5      | Reached skill level 5 in Polearms
  1237 | D:5      | Found a bloodstained altar of Trog.
  1237 | D:5      | Found a sparkling altar of Nemelex Xobeh.
  1320 | D:5      | Found a staircase to the Ecumenical Temple.
  1326 | Temple   | Entered the Ecumenical Temple
  1362 | Temple   | Became a worshipper of Ashenzari the Shackled
  1505 | D:6      | :D :D :D
  1569 | D:6      | Identified the Papyrus of Toxins
  1576 | D:6      | Learned a level 2 spell: Cure Poison
  1605 | D:6      | Learned a level 3 spell: Regeneration
  1708 | D:6      | Gained mutation: You are mostly covered in rough black scales (AC +7, Dex -2). [demonic ancestry]
  1708 | D:6      | Reached XP level 7. HP: 50/50 MP: 6/10
  1911 | D:6      | Found a glowing golden altar of the Shining One.
  1919 | D:6      | Reached skill level 6 in Polearms
  1952 | D:6      | Noticed Pikel
  1990 | D:6      | Killed Pikel
  1990 | D:6      | Reached skill level 7 in Polearms
  1990 | D:6      | Gained mutation: You are immune to clouds of flame. [demonic ancestry]
  1990 | D:6      | Reached XP level 8. HP: 29/56 MP: 2/11
  2046 | D:6      | Noticed Crazy Yiuf
  2054 | D:6      | Killed Crazy Yiuf
  2401 | D:7      | Reached skill level 8 in Polearms
  2462 | D:7      | Reached skill level 5 in Charms
  2699 | D:7      | Found a shimmering altar of Xom.
  2807 | D:8      | Reached skill level 9 in Polearms
  2848 | D:8      | Gained mutation: Your demonic aura causes spilled blood to erupt in flames. [demonic ancestry]
  2848 | D:8      | Reached XP level 9. HP: 39/61 MP: 7/12
  2860 | D:8      | Reached * piety under Ashenzari
  2880 | D:8      | Found a stormy altar of Qazlal.
  2880 | D:8      | Found an oddly glowing altar of Pakellas.
  3220 | D:9      | Noticed a troll
  3229 | D:9      | Killed a troll
  3229 | D:9      | Reached skill level 10 in Polearms
  3240 | D:9      | Found Gixkaoq's Book Shoppe.
  3488 | D:10     | Entered Level 10 of the Dungeon
  3489 | D:10     | :D
  3537 | D:10     | You fall through a shaft!
  3695 | D:11     | Gained mutation: You sometimes gain a little power by taking damage. [demonic ancestry]
  3695 | D:11     | Reached XP level 10. HP: 54/66 MP: 10/13
  3711 | D:11     | Reached skill level 11 in Polearms
  3734 | D:11     | Found a blossoming altar of Fedhas.
  3740 | D:11     | EBAAAAAAAT
  3780 | D:11     | Reached skill level 1 in Dodging
  3919 | D:10     | Noticed a hill giant
  3938 | D:10     | Killed a hill giant
  4209 | D:11     | Noticed a cyclops
  4225 | D:11     | Killed a cyclops
  4256 | D:11     | Reached skill level 12 in Polearms
  4377 | D:12     | Noticed a hill giant
  4379 | D:12     | Noticed a five-headed hydra
  4393 | D:12     | Killed a hill giant
  4398 | D:12     | Killed a five-headed hydra
  4398 | D:12     | Reached skill level 5 in Fighting
  4398 | D:12     | Reached XP level 11. HP: 38/77 MP: 11/14
  4464 | D:12     | Noticed Snorg
  4467 | D:13     | Found a bloodstained altar of Trog.
  4485 | D:12     | Noticed a purple ugly thing
  4492 | D:13     | Killed a purple ugly thing
  4544 | D:13     | Reached skill level 5 in Dodging
  4614 | D:13     | Reached skill level 13 in Polearms
  4718 | D:13     | Noticed a vampire mage
  4767 | D:12     | Noticed a tengu warrior
  4767 | D:12     | Noticed a tengu warrior
  4794 | D:12     | Killed a tengu warrior
  4812 | D:12     | Killed a tengu warrior
  4813 | D:12     | HP: 2/81 [killer bee (6)]
  4906 | D:12     | Killed Snorg
  5004 | D:12     | Gained mutation: You resist negative energy. [demonic ancestry]
  5004 | D:12     | Reached XP level 12. HP: 75/89 MP: 12/15
  5102 | D:12     | Found a staircase to the Orcish Mines.
  5748 | D:11     | Reached ** piety under Ashenzari
  5983 | D:9      | Noticed a six-headed hydra
  5983 | D:9      | Found a staircase to the Lair.
  6178 | D:9      | Noticed Grum
  6183 | Lair:1   | Entered Level 1 of the Lair of Beasts
  6393 | Lair:1   | Reached skill level 14 in Polearms
  6649 | Lair:3   | Noticed Raurakos's ghost (journeyman DEWz)
  6746 | Lair:3   | Found a dark tunnel.
  6752 | Volcano  | Entered a volcano
  7084 | Lair:3   | Noticed Gastronok
  7095 | Lair:3   | Killed Gastronok
  7109 | Lair:3   | Reached *** piety under Ashenzari
  7695 | Lair:6   | Noticed a five-headed hydra
  7705 | Lair:5   | Killed a one-headed hydra
  7705 | Lair:5   | Gained mutation: You have sharp toenails. [demonic ancestry]
  7705 | Lair:5   | Reached XP level 13. HP: 92/99 MP: 7/16
  7729 | Lair:6   | Noticed Nessos
  7743 | Lair:6   | Killed Nessos
  7787 | Lair:6   | Found a hole to the Spider Nest.
  7888 | Lair:6   | Identified the amulet of Tytoguuf {Reflect MR+ Int+4 Dex+2 SH+2}
  7978 | Lair:7   | Learned a level 1 spell: Apportation
  8250 | Lair:7   | Reached skill level 15 in Polearms
  8270 | Lair:7   | Reached skill level 5 in Armour
  8364 | Lair:7   | Reached **** piety under Ashenzari
  8387 | Lair:8   | Entered Level 8 of the Lair of Beasts
  8639 | Lair:8   | Reached skill level 10 in Fighting
  8718 | Lair:8   | Gained mutation: You have razor-sharp toenails. [demonic ancestry]
  8718 | Lair:8   | Reached XP level 14. HP: 75/110 MP: 9/17
  9075 | Lair:8   | Found a viscous altar of Jiyva.
  9075 | Lair:8   | Found a staircase to the Slime Pits.
  9314 | Lair:1   | Noticed Medar's ghost (novice DsCK)
  9330 | Lair:1   | Killed Medar's ghost
  9346 | Lair:1   | Noticed Erica
  9355 | Lair:1   | Killed Erica
  9690 | Orc:1    | Entered Level 1 of the Orcish Mines
  9851 | Orc:2    | Entered Level 2 of the Orcish Mines
  9874 | Orc:2    | Noticed Maud
  9887 | Orc:2    | Killed Maud
  9889 | Orc:2    | Found a staircase to the Elven Halls.
  9912 | Orc:2    | Noticed an orc warlord
  9932 | Orc:2    | Killed an orc warlord
  9963 | Orc:2    | Found Pirut's Food Shop.
  9964 | Orc:2    | Found Aduenkei's Antique Armour Boutique.
  9972 | Orc:2    | Bought an embroidered cloak for 135 gold pieces
 10029 | Orc:2    | Found a roughly hewn altar of Beogh.
 10070 | Orc:2    | Found Ejoinun's Distillery.
 10141 | Orc:2    | Found Qudetur's Distillery.
 10152 | Orc:2    | Bought a potion of flight for 42 gold pieces
 10152 | Orc:2    | Bought 2 potions of heal wounds for 140 gold pieces
 10194 | Orc:2    | Found Verchu's Distillery.
 10228 | Orc:2    | Bought a potion of experience for 750 gold pieces
 10228 | Orc:2    | Bought a potion of curing for 45 gold pieces
 10228 | Orc:2    | Gained mutation: You sometimes gain power by taking damage. [demonic ancestry]
 10228 | Orc:2    | Reached XP level 15. HP: 120/120 MP: 18/18
 10250 | Orc:2    | Found Ihafiam's Distillery.
 10259 | Orc:2    | Bought a potion of heal wounds for 65 gold pieces
 10259 | Orc:2    | Bought a potion of heal wounds for 65 gold pieces
 10323 | Orc:2    | Found Jifax's Antique Weapon Shop.
 10360 | Orc:2    | Found a radiant altar of Vehumet.
 10388 | Orc:2    | Found an ancient bone altar of Kikubaaqudgha.
 10388 | Orc:2    | Noticed Nergalle
 10436 | Orc:2    | Killed Nergalle
 10467 | Orc:2    | Found Kehuv's Gadget Boutique.
 10506 | Orc:2    | Found a roughly hewn altar of Beogh.
 10506 | Orc:2    | Found Qosy's Antique Armour Shop.
 10511 | Orc:2    | Paralysed by an orc sorcerer for 3 turns
 10537 | Orc:2    | Bought a polished scale mail for 288 gold pieces
 10537 | Orc:2    | Identified the +4 scale mail of Birdsong {rF- rN+ rCorr Dex+8} (You bought it in a shop on level 2 of the Orcish Mines)
 10547 | Orc:2    | Bought a potion of might for 56 gold pieces
 10547 | Orc:2    | Bought a potion of heal wounds for 70 gold pieces
 10547 | Orc:2    | Bought a potion of heal wounds for 70 gold pieces
 10673 | Elf:1    | Entered Level 1 of the Elven Halls
 10700 | Elf:1    | Reached skill level 10 in Dodging
 11040 | Elf:2    | Gained mutation: You are powered by pain. [demonic ancestry]
 11040 | Elf:2    | Reached XP level 16. HP: 129/129 MP: 19/19
 11055 | Elf:2    | Found a frozen archway.
 11119 | Elf:2    | SOOKA BLYA
 11123 | IceCv    | Entered an ice cave
 11176 | IceCv    | Reached skill level 10 in Armour
 11636 | Elf:2    | Found a runed gate.
 11636 | Elf:2    | Found a runed gate.
 11636 | Elf:2    | Found a runed gate.
 11853 | Elf:3    | Entered Level 3 of the Elven Halls
 11962 | Elf:3    | Reached skill level 16 in Polearms
 11973 | Elf:3    | Noticed Nikola
 11975 | Elf:3    | Killed from afar by Nikola

Skill      XL: |  1  2  3  4  5  6  7  8  9 10 11 12 13 14 15 16 |
---------------+-------------------------------------------------+-----
Armour         | 1 3 6 8 9 11 | 11.1
Polearms       | 2 3 4 5 7 9 10 12 13 14 15 16 | 16.0
Hexes          | 1 2 3 |  3.0
Charms         | 3 4 5 7 |  7.2
Dodging        | 4 6 7 9 10 | 10.7
Fighting       | 5 6 8 10 12 13 | 13.1
Spellcasting   | |  2.1

Action                   |  1- 3 |  4- 6 |  7- 9 | 10-12 | 13-15 | 16-18 || total
-------------------------+-------+-------+-------+-------+-------+-------++-------
Melee: Spear             |    64 |   128 |       |       |       |       ||   192
       Trident           |       |     9 |   167 |       |       |       ||   176
       Halberd           |       |       |   128 |   641 |   319 |       ||  1088
       War axe           |       |       |       |     3 |    18 |       ||    21
       Glaive            |       |       |       |       |   143 |       ||   143
       Demon trident     |       |       |       |       |   229 |   218 ||   447
       Bardiche          |       |       |       |       |       |    36 ||    36
 Cast: Infusion          |     1 |     3 |       |       |       |       ||     4
       Spectral Weapon   |     1 |     8 |    29 |    58 |    45 |    14 ||   155
       Regeneration      |       |       |       |     6 |    11 |     4 ||    21
Invok: Curse Item        |       |       |     1 |     2 |     1 |     1 ||     5
       Scrying           |       |       |       |     1 |     1 |     1 ||     3
Evoke: Wand              |       |       |     2 |    23 |     4 |     2 ||    31
  Use: Scroll            |       |       |    18 |    13 |     4 |     3 ||    38
       Potion            |       |       |       |     6 |     1 |     3 ||    10
 Stab: Confused          |       |       |     2 |       |     1 |       ||     3
       Distracted        |       |       |     1 |     5 |     3 |     2 ||    11
       Sleeping          |       |       |       |     1 |     2 |       ||     3
  Eat: Chunk             |       |     4 |    10 |    15 |    16 |       ||    45
       Beef jerky        |       |       |     2 |       |       |       ||     2
       Pizza             |       |       |     1 |     1 |       |       ||     2
       Royal jelly       |       |       |       |     4 |       |     5 ||     9
       Fruit             |       |       |       |       |     5 |       ||     5
Armor: Leather armour    |    21 |    36 |   116 |   144 |       |       ||   317
       Ring mail         |       |       |       |    32 |   201 |    69 ||   302
       Skin              |       |       |       |     1 |       |       ||     1
Dodge: Dodged            |    36 |    49 |   107 |   313 |   383 |   142 ||  1030
